 Dungeon Crawl Stone Soup version 0.20.2-3-g29329e0561 (webtiles) character file.

2854 Alfie the Slicer (level 9, -15/79 HPs)
             Began as a Hill Orc Fighter on Jan 25, 2023.
             Demolished by an ogre
             ... wielding a +0 giant club
              (25 damage)
             ... on level 7 of the Dungeon.
             The game lasted 00:24:00 (5837 turns).

Alfie the Slicer (Hill Orc Fighter)                 Turns: 5837, Time: 00:24:01

Health: -15/79     AC: 13    Str: 24 (25) XL:     9   Next: 75%
Magic:  9/9        EV:  9    Int:  8      God:
Gold:   219        SH: 11    Dex: 10      Spells: 8/8 levels left

rFire    + . .     SeeInvis .   a - +3 rapier
rCold    . . .     Gourm    .   c - +0 shield
rNeg     . . .     Faith    .   b - +1 scale mail
rPois    .         Spirit   .   k - +1 helmet
rElec    .         Reflect  .   C - +0 cloak
rCorr    .         Harm     .   v - +0 pair of gloves
MR       +....     Clarity  +   (no boots)
Stlth    ..........             r - amulet of magic regeneration
Regen    0.3/turn               h - +3 ring of strength
MPRegen  0.2/turn               q - ring of protection from fire

@: no status effects
A: clarity, deterioration 1, magic resistance 1
a: no special abilities


You were on level 7 of the Dungeon.
You were not hungry.

You visited 1 branch of the dungeon, and saw 8 of its levels.
You also visited: Ossuary.

You collected 436 gold pieces.
You spent 217 gold pieces at shops.

Inventory:

Hand Weapons
 a - a +3 rapier (weapon)
Missiles
 p - 3 tomahawks (quivered)
Armour
 b - a +1 scale mail (worn)
 c - a +0 shield (worn)
 k - a +1 helmet (worn)
 v - a +0 pair of gloves (worn)
 C - a +0 cloak (worn)
Jewellery
 h - a +3 ring of strength (left hand)
 q - a ring of protection from fire (right hand)
 r - an amulet of magic regeneration (around neck)
Wands
 e - a wand of clouds (4/9)
Scrolls
 d - a scroll of magic mapping
 i - 3 scrolls of teleportation
 l - a scroll of enchant weapon
 n - 2 scrolls of amnesia
 o - 3 scrolls of remove curse
 u - a scroll of immolation
 A - 2 scrolls of blinking
 B - a scroll of fear {unknown}
Potions
 j - 2 potions of brilliance
 t - 3 potions of mutation
 w - a potion of heal wounds
 x - a potion of ambrosia {unknown}
 z - a potion of berserk rage {unknown}
 D - a potion of magic
Books
 y - a book of Misfortune

   Spells                             Type                      Level
   a - Confusing Touch                Hexes                        1
   b - Confuse                        Hexes                        3
   c - Gell's Gravitas                Translocation                3
   d - Petrify                        Transmutation/Earth          4
   e - Metabolic Englaciation         Hexes/Ice                    5
   f - Yara's Violent Unravelling     Hexes/Transmutation          5
Comestibles
 f - 4 bread rations
 g - a royal jelly
 m - 3 meat rations
 s - 3 fruits


   Skills:
 + Level 7.0 Fighting
 + Level 8.2 Short Blades
 + Level 0.6 Throwing
 + Level 6.8 Armour
 + Level 2.9 Dodging
 + Level 0.5 Stealth
 + Level 7.4 Shields


You had 8 spell levels left.
You didn't know any spells.

Dungeon Overview and Level Annotations

Branches:
Dungeon (8/15)             Temple (0/1) D:5
   Lair: D:8-11

Altars:
Dithmenos
Hepliaklqana
Makhleb
Zin
The Shining One

Shops:
D:5 *   D:6 %

Annotations:
D:8 Alfie's ghost, novice HOFi


Innate Abilities, Weirdness & Mutations

You possess an exceptional clarity of mind.
Your body sometimes deteriorates upon taking damage.
You are resistant to hostile enchantments. (MR+)


Message History

* * * LOW HITPOINT WARNING * * *
Your body deteriorates!
You feel weakened. The ufetubus barely misses you. The ufetubus hits you.
* * * LOW HITPOINT WARNING * * *
You puncture the ogre!
The ogre is heavily wounded.
The ufetubus hits you.
* * * LOW HITPOINT WARNING * * *
You block the ufetubus's attack.
You puncture the ogre!
The ogre is almost dead.
The ufetubus closely misses you.
The ufetubus hits you but does no damage.
The ogre hits you but does no damage.
You hit the ogre but do no damage.
The ogre is almost dead.
You block the ufetubus's attack.
The ufetubus hits you but does no damage.
The ogre hits you with a giant club!!
You die...

##...##...####.....######
#.........)........#.....
#..................#.....
#..................#.....
##...##...###...##.##(###
######...###...##.##.###
#......#..).......#.
#...O..#............
#..@...#.........##.
#.5....#.........###
#......#.........#.#
##...####'###...###.
#######...##<..###<
#...........<..
#........).....
#..............
###############


You could see an ogre and an ufetubus.

Vanquished Creatures
  A hippogriff (D:7)
  Eustachio (D:5)
  A water moccasin (D:5)
  4 ice beasts
  An ogre (D:7)
  3 centaurs
  3 elf zombies (Ossuary)
  3 bullfrogs (D:6)
  A wyvern zombie (D:7)
  3 scorpions
  4 wights (D:6)
  A centaur zombie (D:7)
  2 crimson imps
  A human zombie (Ossuary)
  2 bullfrog zombies
  2 hounds
  Crazy Yiuf (D:6)
  2 jellies
  3 orc wizards
  A centaur skeleton (D:6)
  Natasha (thrice) (D:2)
  2 iguanas (D:5)
  3 worker ants (D:4)
  3 big kobold zombies (Ossuary)
  2 mummies (Ossuary)
  6 adders
  5 oozes
  An adder skeleton (D:5)
  2 adder zombies
  4 worms
  6 dart slugs
  2 leopard geckos
  25 orcs
  5 bats
  3 giant cockroaches
  13 goblins
  6 hobgoblins
  10 jackals
  3 quokkas
  7 frilled lizards
  10 hobgoblin zombies (Ossuary)
  A jackal zombie (Ossuary)
  6 kobolds
  8 kobold zombies (Ossuary)
  8 orc zombies (Ossuary)
  9 rats
  3 rat zombies (Ossuary)
196 creatures vanquished.

Notes
Turn   | Place    | Note
-------+----------+-------------------------------------------
     0 | D:1      | Alfie the Hill Orc Fighter began the quest for the Orb.
     0 | D:1      | Reached XP level 1. HP: 19/19 MP: 1/1
    48 | D:1      | Reached XP level 2. HP: 24/27 MP: 2/2
   171 | D:1      | Reached XP level 3. HP: 31/33 MP: 3/3
   834 | D:2      | Reached XP level 4. HP: 29/40 MP: 4/4
   961 | D:2      | Noticed Natasha
   974 | D:2      | Killed Natasha
   983 | D:2      | Noticed Natasha
   992 | D:2      | Killed Natasha
  1048 | D:2      | Noticed Natasha
  1057 | D:2      | Killed Natasha
  1057 | D:2      | Reached skill level 3 in Short Blades
  1057 | D:2      | Reached XP level 5. HP: 7/46 MP: 5/5
  1739 | D:3      | Reached skill level 1 in Dodging
  1745 | D:3      | Reached XP level 6. HP: 30/53 MP: 6/6
  1810 | D:3      | Found a burning altar of Makhleb.
  1836 | D:3      | Noticed an ice beast
  1857 | D:3      | Killed an ice beast
  1857 | D:3      | Reached skill level 4 in Short Blades
  1857 | D:3      | Reached skill level 5 in Armour
  2273 | D:4      | Found a hazy altar of Hepliaklqana.
  2301 | D:4      | Found a glowing silver altar of Zin.
  2376 | D:4      | Reached XP level 7. HP: 17/60 MP: 7/7
  2909 | D:5      | Entered Level 5 of the Dungeon
  2914 | D:5      | Noticed Eustachio
  2961 | D:5      | Killed Eustachio
  2961 | D:5      | Reached skill level 5 in Fighting
  3001 | D:5      | Reached skill level 5 in Shields
  3024 | D:5      | Found a staircase to the Ecumenical Temple.
  3054 | D:5      | Reached skill level 5 in Short Blades
  3293 | D:5      | Reached XP level 8. HP: 47/68 MP: 8/8
  3310 | D:5      | Found Tefot's General Store.
  3331 | D:5      | Bought a scroll of magic mapping for 49 gold pieces
  3331 | D:5      | Bought a scroll of identify for 28 gold pieces
  3331 | D:5      | Bought a meat ration for 70 gold pieces
  3331 | D:5      | Bought a meat ration for 70 gold pieces
  3567 | D:5      | Reached skill level 6 in Short Blades
  4003 | D:6      | Found a sand-covered staircase.
  4015 | Ossuary  | Entered an ossuary
  4245 | Ossuary  | Reached skill level 7 in Short Blades
  4277 | Ossuary  | Reached XP level 9. HP: 55/75 MP: 9/9
  4543 | D:6      | Found a shadowy altar of Dithmenos.
  4761 | D:6      | Found Fumn's Food Shoppe.
  4910 | D:6      | Found a runed door.
  5018 | D:6      | Noticed Crazy Yiuf
  5028 | D:6      | Killed Crazy Yiuf
  5233 | D:7      | Found a glowing golden altar of the Shining One.
  5343 | D:8      | Noticed a polar bear
  5343 | D:8      | Noticed Alfie's ghost (novice HOFi)
  5351 | D:7      | Gained mutation: You possess an exceptional clarity of mind. [potion of mutation]
  5351 | D:7      | Gained mutation: Your body sometimes deteriorates upon taking damage. [potion of mutation]
  5351 | D:7      | Gained mutation: You are resistant to hostile enchantments. (MR+) [potion of mutation]
  5355 | D:7      | Found a flagged portal.
  5439 | D:7      | HP: 2/78 [goblin/spear (4)]
  5631 | D:7      | Reached skill level 8 in Short Blades
  5837 | D:7      | Demolished by an ogre

Skill      XL: |  1  2  3  4  5  6  7  8  9 |
---------------+----------------------------+-----
Fighting       | 4 5 6 7 |  7.0
Armour         | 4 5 6 |  6.8
Shields        | 4 5 6 7 |  7.4
Short Blades   | 3 4 5 7 8 |  8.2
Dodging        | 1 2 |  2.9
Throwing       | |  0.6
Stealth        | |  0.5

Action                   |  1- 3 |  4- 6 |  7- 9 || total
-------------------------+-------+-------+-------++-------
Melee: Rapier            |    97 |   202 |   686 ||   985
Throw: Tomahawk          |       |       |     8 ||     8
  Use: Scroll            |       |     8 |    12 ||    20
       Potion            |       |     5 |     7 ||    12
  Eat: Royal jelly       |       |     2 |     1 ||     3
       Bread ration      |       |     1 |     2 ||     3
       Fruit             |       |       |     1 ||     1
Armor: Scale mail        |    28 |    91 |   276 ||   395
Dodge: Dodged            |    29 |    53 |   262 ||   344
Block: Shield            |    39 |    90 |   366 ||   495
